 Dungeon Crawl Stone Soup version 0.29-a0-284-gf9362112df (webtiles) character file.

Game seed: 11283919983079382008

2658 spaghetti the Fruitful (level 9, -1/94 HPs)
             Began as a Demonspawn Fighter on Mar 21, 2022.
             Was a Priest of Fedhas.
             Slain by a wolf (6 damage)
             ... led by Grum
             ... on level 7 of the Dungeon.
             The game lasted 00:14:19 (7953 turns).

spaghetti the Fruitful (Demonspawn Fighter)         Turns: 7953, Time: 00:14:20

Health: -1/94      AC: 24    Str: 16    XL:     9   Next: 36%
Magic:  12/16      EV:  2    Int: 24    God:    Fedhas [***...]
Gold:   379        SH:  6    Dex: 23    Spells: 6/8 levels left

rFire   . . .      SeeInvis +   l - +5 dagger of the Eternal Void {vorpal, Int+3 Dex+3 SInv, short}
rCold   . . .      Faith    .   c - +0 buckler
rNeg    . . .      Spirit   .   (body armour currently unavailable)
rPois   +          Reflect  .   (helmet currently unavailable)
rElec   .          Harm     .   (cloak currently unavailable)
rCorr   .          Rampage  .   (gloves currently unavailable)
Will    .....      NoTele   +   (boots currently unavailable)
Stlth   ++........              (no amulet)
HPRegen 0.25/turn               m - +6 ring of dexterity
MPRegen 0.30/turn               E - +6 ring of intelligence

@: tree-form, attractive
A: stationary, stasis, torment immunity, boosted hp, (hooves 2), foul stench 2,
magic regeneration, (beak), clever 1, (poison resistance)
a: Renounce Religion, Wall of Briars, Grow Ballistomycete


You were on level 7 of the Dungeon.
You worshipped Fedhas.
Fedhas was most pleased with you.
You were a tree.
You visited 1 branch of the dungeon, and saw 8 of its levels.

You collected 379 gold pieces.


Innate Abilities, Weirdness & Mutations

You are a tree.
Your roots penetrate the ground, keeping you stationary.
You cannot be teleported.
You are immune to unholy pain and torment.
Your maximum health is greatly increased.
Your equipment is partially melded.
((You have hoof-like feet.))
You sometimes emit foul miasma when damaged in melee.
You regenerate magic rapidly.
((You have a beak for a mouth.))
Your mind is acute. (Int +2)
((Your system is resistant to poisons. (rPois)))


   Skills:
 - Level 3.0 Fighting
 * Level 9.3 Long Blades
 - Level 2.6 Armour
 - Level 0.9 Dodging
 - Level 2.6 Shields
 - Level 3.0 Summonings
 + Level 9.4 Invocations


You had 6 spell levels left.
You knew the following spells:

 Your Spells              Type           Power      Damage    Failure   Level
a - Call Imp              Summ           14%        N/A       9%          2

Your spell library contained the following spells:

 Spells                   Type           Power      Damage    Failure   Level
 Magic Dart               Conj           0%         1d3       19%         1
 Mephitic Cloud           Conj/Pois/Air  0%         N/A       50%         3

Inventory:

Hand Weapons
 a - a +0 long sword {long}
 d - a +4 whip of pain {mace}
   (You took it off an orc on level 4 of the Dungeon)
 l - the +5 dagger of the Eternal Void (weapon) {vorpal, Int+3 Dex+3 SInv, short}
   (You found it on level 2 of the Dungeon)

   It inflicts extra damage upon your enemies.
   Int:       It affects your intelligence (+3).
   Dex:       It affects your dexterity (+3).
   SInv:      It lets you see invisible.
Missiles
 e - 18 poisoned darts {throwing}
 h - 171 stones (quivered) {throwing}
 j - 2 throwing nets {=f!fthrowing}
 x - 3 boomerangs {throwing}
Armour
 c - a +0 buckler (worn)
 i - the +0 robe "Nellufek" (melded) {rPois rC- Int+4 Dex+9}
   (You found it on level 2 of the Dungeon)

   Int:       It affects your intelligence (+4).
   Dex:       It affects your dexterity (+9).
   rC:        It makes you vulnerable to cold.
   rPois:     It protects you from poison.
 o - a +0 kite shield
   (You found it on level 3 of the Dungeon)
 q - a +0 helmet
   (You took it off Robin on level 2 of the Dungeon)
 v - a +2 pair of boots (melded)
   (You found it on level 4 of the Dungeon)
Jewellery
 m - a +6 ring of dexterity (left branch)
   (You found it on level 2 of the Dungeon)
 E - a +6 ring of intelligence (right branch)
   (You found it on level 7 of the Dungeon)
 F - a ring of willpower
   (You found it on level 7 of the Dungeon)
Wands
 b - a wand of iceblast (11)
   (You took it off a centaur on level 4 of the Dungeon)
 t - a wand of charming (6)
   (You took it off Ijyb on level 4 of the Dungeon)
 w - a wand of acid (11)
   (You found it on level 4 of the Dungeon)
 D - a wand of paralysis (6)
   (You found it on level 6 of the Dungeon)
Scrolls
 g - 2 scrolls of noise {!r}
 k - 4 scrolls of identify {@r1}
 n - 2 scrolls of enchant armour
 p - a scroll of vulnerability {!r!r}
 r - a scroll of enchant weapon
 y - 3 scrolls of teleportation {@r4}
 z - a scroll of fear
 A - a scroll of magic mapping {!r}
 B - a scroll of blinking {!r}
Potions
 f - 4 potions of mutation {!q}
 s - a potion of degeneration {!q@e2}
 u - a potion of lignification {!q}
 C - a potion of flight

Dungeon Overview and Level Annotations

Branches:
Dungeon (8/15)             Temple (0/1) D:7
   Lair: D:8-11

Altars:
Fedhas
Hepliaklqana
Yredelemnul

# #.#...##....#
#.# #
#........##.###.#
#
#.#...#####[...##
#####.##.##
###[..###
......##.#
#.......#
#####....#
#....P..# #.####
#..☼....# #.#
##.>h*### #.#
#..♣.# # #.###
#...## # #...#
###.# # ###.#
##.## #
#.#######.#.## #
#.##.....###.# #
#.##.####.#.##
#.##.# ##.##
#.##.# ###


You could see a wolf (ally target), a friendly ballistomycete (summoned) and a
friendly ballistomycete spore.


Message History

The puff of flame hits the wolf!
The wolf dies!
Fedhas appreciates your contribution to the ecosystem.
Unknown command.
Your burning bush throws fire at Grum.
Fedhas protects a plant from harm.
The puff of flame hits Grum!
The helpless Grum fails to defend himself.
You skewer Grum like a kebab!!!
You kill Grum!
Fedhas appreciates your contribution to the ecosystem.
Things that are here:
a -2 vorpal spear {polearm}; a +0 animal skin; the gnoll corpse of Grum 😨 MP[+1]
You walk carefully through the plants. 😨 HP[+1]
You start resting. 😮 HP[+4] MP[+6]
You regained 4 hp, and now have 34/63 hp.
Your mp is fully restored (15).
Unknown command.
Unknown command.
Unknown command.
You swap places.
There is a stone staircase leading down, spattered with blood here.
You climb downwards.
Your summoned allies are left behind.
You hear the roar of battle.
There is an entrance to a bailey on this level.
Hurry and find it before the portal closes forever!
The wolf bites you.
* * * LOW HITPOINT WARNING * * *
The wolf closely misses you. You block the wolf's attack. x2
The wolf barely misses you. The wolf bites you but does no damage.
There is a stone staircase leading up here. 😨 HP[-5]
You take 5 damage, and now have 29/63 hp.
Unknown command.
The wolf bites you.
* * * LOW HITPOINT WARNING * * *
The wolf barely misses you.
You climb upwards.
Your burning bush disappears in a puff of smoke!
Your wandering mushroom disappears in a puff of smoke!
Your burning bush disappears in a puff of smoke!
Your wandering mushroom disappears in a puff of smoke!
There is a stone staircase leading down, spattered with blood here. 😨 HP[-5]
You take 5 damage, and now have 24/63 hp.
Unknown command.
Unknown command.
Okay, then.
Aiming: Grow Ballistomycete (3% risk of failure)
Press: ? - help, Dir - move target A ballistomycete grows from the ground.
You block the wolf's attack. The wolf bites you but does no damage.
The wolf bites you.
* * * LOW HITPOINT WARNING * * *
You emit a cloud of foul miasma!
The wolf bites you but does no damage. 😨 HP[-6] MP[-4]
You take 6 damage, and now have 18/63 hp.
You lost 4 mp, and now have 11/15 mp.
The wolf is engulfed in dark miasma.
The wolf is poisoned.
The wolf bites you.
* * * LOW HITPOINT WARNING * * *
The wolf closely misses you. The wolf bites you.
* * * LOW HITPOINT WARNING * * *
😱 HP[-6]
You take 6 damage, and now have 12/63 hp.
It was a potion of attraction.
You feel attractive to monsters. The wolf barely misses you.
You block the wolf's attack. The wolf bites you!
* * * LOW HITPOINT WARNING * * *
The wolf closely misses you. 😱 HP[-7]
You take 7 damage, and now have 5/63 hp.
Really quaff
u - 2 potions of lignification {!q}?
Really quaff the potion of lignification?
You turn into a tree.
Your +2 pair of boots melds into your body.
The +0 robe "Nellufek" {rPois rC- Int+4 Dex+9} melds into your body.
Your roots penetrate the ground.
The wolf bites you but does no damage. You block the wolf's attack.
A ballistomycete spore comes into view. 😱 HP[+4] MP[+1]
You now have 94 max hp (+31).
You regained 4 hp, and now have 9/94 hp.
You puncture the wolf! The wolf bites you but does no damage.
The wolf bites you.
* * * LOW HITPOINT WARNING * * *
😱 HP[-4]
You take 4 damage, and now have 5/94 hp.
You puncture the wolf!
You kill the wolf!
Fedhas appreciates your contribution to the ecosystem.
The wolf bites you but does no damage. x2
Really read
B - a scroll of blinking {!r}?
You cannot blink because you are held in place by your roots.
Unknown command.
Okay, then.
Okay, then.
The wolf looks more healthy.
The wolf bites you.
You die...
Fedhas appreciates your contribution to the ecosystem.

Skill      XL: |  1  2  3  4  5  6  7  8  9 |
---------------+----------------------------+-----
Long Blades    | 2 3 4 5 6 8 9 |  9.3
Invocations    | 1 2 3 4 5 6 8 9 |  9.4
Summonings     | 2 3 |  3.0
Fighting       | |  3.0
Armour         | |  2.6
Dodging        | |  0.9
Shields        | |  2.6

Action                   |  1- 3 |  4- 6 |  7- 9 || total
-------------------------+-------+-------+-------++-------
Melee: Long sword        |    67 |     6 |       ||    73
       Kick              |     6 |     6 |       ||    12
       Dagger            |       |    96 |   154 ||   250
       Peck              |       |       |    42 ||    42
Throw: Dart              |     4 |     7 |       ||    11
       Stone             |       |     6 |       ||     6
 Cast: Call Imp          |       |       |    10 ||    10
Invok: Wall of Briars    |       |     2 |       ||     2
       Grow Ballistomyce |       |       |     4 ||     4
       Overgrow          |       |       |     1 ||     1
Evoke: Wand              |       |       |     1 ||     1
  Use: Scroll            |     2 |     7 |     5 ||    14
       Potion            |     1 |     3 |     4 ||     8
 Stab: Sleeping          |     5 |    16 |     2 ||    23
       Distracted        |       |       |     1 ||     1
       Paralysed         |       |       |     1 ||     1
Armor: Scale mail        |    40 |       |       ||    40
       Robe              |     2 |    11 |    35 ||    48
       Skin              |       |       |     4 ||     4
Dodge: Dodged            |    47 |    39 |    82 ||   168
Block: Buckler           |    14 |    24 |    55 ||    93

Levels and vault maps discovered:
D:1:      lightli_arrival_noodles, layout_loops_corners,
          chequers_ecumenical_altar_simple_redux, serial_bayou_lagoon_a
D:2:      minmay_inner_zag, layout_basic, basic_altar, hangedman_decor_riveting,
          minmay_rat_gold_closets, uniq_robin
D:3:      layout_rooms
D:4:      layout_basic, marbit_many_paths, corexii_corridor_pit, uniq_ijyb
D:5:      layout_basic, minmay_door_square
D:6:      layout_rooms, grunt_potential
D:7:      layout_loops_ring, minmay_temple_entry_statues_pillars, uniq_duvessa
D:8:      cheibrodos_steamvent, layout_basic, dpeg_oklobed_lair, enter_bailey_4,
          uniq_maggie, uniq_grum, uniq_erica

Notes
Turn   | Place    | Note
-------+----------+-------------------------------------------
     0 | D:1      | spaghetti the Demonspawn Fighter began the quest for the
                  | Orb.
     0 | D:1      | Reached XP level 1. HP: 18/18 MP: 1/1
     0 | D:1      | magus.rc [v1.9.6]
    45 | D:1      | Reached skill level 2 in Long Blades
   275 | D:1      | Reached skill level 1 in Invocations
   297 | D:1      | Gained mutation: You have large cloven feet. [demonic
                  | ancestry]
   297 | D:1      | Reached XP level 2. HP: 23/24 MP: 1/3
   443 | D:2      | Identified the +0 robe "Nellufek" {rPois rC- Int+4 Dex+9}
   450 | D:2      | HP: 5/24 [gnoll/+0 flail (8)]
   457 | D:2      | HP: 5/24 [adder (1)]
   462 | D:1      | Reached skill level 2 in Invocations
   914 | D:1      | Found a faded altar of an unknown god.
   917 | D:1      | Prayed at the altar of an unknown god.
   917 | D:1      | Became a worshipper of Fedhas Madash
   917 | D:1      | Reached * piety under Fedhas
   963 | D:1      | Gained mutation: You may rarely emit foul miasma when
                  | damaged in melee. [demonic ancestry]
   963 | D:1      | Reached XP level 3. HP: 18/29 MP: 4/4
  1474 | D:2      | HP: 2/29 [gnoll/+0 flail (7)]
  1480 | D:1      | Reached skill level 3 in Invocations
  1776 | D:2      | HP: 7/29 [gnoll/+0 spear (8)]
  1779 | D:2      | Gained mutation: You regenerate magic rapidly. [demonic
                  | ancestry]
  1779 | D:2      | Reached XP level 4. HP: 9/35 MP: 6/6
  2099 | D:2      | Identified the +5 dagger of the Eternal Void {vorpal, Int+3
                  | Dex+3 SInv}
  2137 | D:2      | Found a basalt altar of Yredelemnul.
  2390 | D:2      | Reached skill level 3 in Long Blades
  2469 | D:2      | You pick up a book of Minor Magic and begin reading...
  2469 | D:2      | You add the spells Magic Dart, Call Imp and Mephitic Cloud
                  | to your library.
  2716 | D:2      | Noticed Robin
  2730 | D:2      | Reached ** piety under Fedhas
  2738 | D:2      | Killed Robin
  3205 | D:3      | Gained mutation: You have hoof-like feet. [demonic
                  | ancestry]
  3205 | D:3      | Reached XP level 5. HP: 39/41 MP: 7/7
  3308 | D:3      | HP: 3/41 [orc priest/divine providence (13)]
  3311 | D:3      | Gained mutation: Your mind is acute. (Int +2) [potion of
                  | mutation]
  3311 | D:3      | Gained mutation: You have hidden genetic potential. [potion
                  | of mutation]
  3494 | D:3      | HP: 9/41 [orc priest/divine providence (10)]
  3799 | D:4      | HP: 9/41 [orc/+0 flail of protection (5)]
  3800 | D:4      | Reached skill level 4 in Invocations
  3826 | D:4      | Noticed an orc warrior
  3840 | D:4      | Killed an orc warrior
  3841 | D:4      | Reached skill level 4 in Long Blades
  3841 | D:4      | Reached XP level 6. HP: 14/47 MP: 6/9
  3855 | D:4      | Gained mutation: Your system is resistant to poisons.
                  | (rPois) [hidden potential]
  4173 | D:4      | Learned a level 2 spell: Call Imp
  4260 | D:4      | Found a hazy altar of Hepliaklqana.
  4372 | D:4      | Noticed Ijyb
  4381 | D:4      | Killed Ijyb
  4407 | D:4      | Reached skill level 1 in Summonings
  4630 | D:4      | Reached skill level 5 in Long Blades
  4630 | D:4      | Reached skill level 2 in Summonings
  4630 | D:4      | Reached skill level 5 in Invocations
  5212 | D:5      | Entered Level 5 of the Dungeon
  5288 | D:5      | Reached XP level 7. HP: 44/52 MP: 10/10
  5314 | D:5      | Gained mutation: You have a beak for a mouth. [hidden
                  | potential]
  5314 | D:5      | Lost mutation: You have hidden genetic potential. [hidden
                  | potential expressed]
  5410 | D:5      | Reached *** piety under Fedhas
  5492 | D:5      | Reached skill level 3 in Summonings
  5969 | D:6      | Reached skill level 6 in Long Blades
  5969 | D:6      | Reached skill level 6 in Invocations
  6121 | D:6      | Noticed a steam dragon
  6140 | D:6      | Killed a steam dragon
  6141 | D:6      | Reached XP level 8. HP: 51/58 MP: 9/13
  6160 | D:6      | Reached skill level 7 in Long Blades
  6160 | D:6      | Reached skill level 7 in Invocations
  6847 | D:7      | Reached skill level 8 in Long Blades
  6847 | D:7      | Reached skill level 8 in Invocations
  6988 | D:7      | Found a staircase to the Ecumenical Temple.
  7228 | D:7      | Reached **** piety under Fedhas
  7475 | D:7      | Gained mutation: You sometimes emit foul miasma when
                  | damaged in melee. [demonic ancestry]
  7475 | D:7      | Reached XP level 9. HP: 57/61 MP: 15/15
  7513 | D:7      | Noticed Duvessa
  7514 | D:7      | Noticed Dowan
  7520 | D:7      | Killed Dowan
  7524 | D:7      | Killed Duvessa
  7803 | D:7      | Reached skill level 9 in Long Blades
  7803 | D:7      | Reached skill level 9 in Invocations
  7911 | D:8      | Noticed Grum
  7919 | D:7      | Killed Grum
  7948 | D:7      | HP: 12/63 [wolf[Grum] (4)]
  7949 | D:7      | HP: 5/63 [wolf[Grum] (7)]
  7953 | D:7      | Slain by a wolf

Vanquished Creatures
  Grum (D:7)
  A steam dragon (D:6)
  3 water moccasins
  Duvessa (D:7)
  A sky beast (D:7)
  A black bear (D:7)
  An ice beast (D:6)
  A centaur (D:4)
  A wolf (D:7)
  3 bullfrogs (D:7)
  3 necrophages
  3 scorpions
  Dowan (D:7)
  A howler monkey (D:6)
  3 hounds
  3 orc priests
  A gnoll shaman (D:6)
  A jelly (D:5)
  An iguana (D:5)
  Ijyb (D:4)
  5 orc wizards
  Robin (D:2)
  7 gnolls
  10 adders
  3 white imps
  A worm (D:2)
  3 dart slugs
  25 orcs
  7 ball pythons
  6 endoplasms
  2 giant cockroaches
  8 hobgoblins
  2 quokkas
  3 bats
  4 frilled lizards
  10 goblins
  6 kobolds
  10 rats
145 creatures vanquished.

Vanquished Creatures (collateral kills)
  An orc warrior (D:4)
  A wolf (D:7)
  A hound (D:5)
  2 orcs (D:4)
  10 ballistomycete spores
15 creatures vanquished.

Grand Total: 160 creatures vanquished

Table legend:
 A = Non-vault XP
 B = Vault XP
 C = Vault XP percentage of total XP
 D = Non-vault monster count
 E = Vault monster count
 F = Vault count percentage of total count
                 A         B        C        D         E       F
            +---------+---------+-------+---------+---------+-------
      Total |    3050 |     748 |  19.7 |     119 |      31 |  20.7
            +---------+---------+-------+---------+---------+-------
        D:1 |      57 |       0 |   0.0 |      22 |       0 |   0.0
        D:2 |      54 |      70 |  56.5 |       9 |      24 |  72.7
        D:3 |      24 |       0 |   0.0 |       6 |       0 |   0.0
        D:4 |     433 |      38 |   8.1 |      22 |       2 |   8.3
        D:5 |     406 |       0 |   0.0 |      15 |       0 |   0.0
        D:6 |     897 |       0 |   0.0 |      23 |       0 |   0.0
        D:7 |    1179 |     640 |  35.2 |      22 |       5 |  18.5
            +---------+---------+-------+---------+---------+-------

Illustrated notes

Table legend:
 A = Kills in this place as a percentage of kills in entire the game.
 B = Kills by you in this place as a percentage of kills by you in the entire game.
 C = Kills by friends in this place as a percentage of kills by friends in the entire game.
 D = Other kills in this place as a percentage of other kills in the entire game.
 E = Experience gained in this place as a percentage of experience gained in the entire game.
 F = Experience gained in this place divided by the number of levels of this place that you have seen.
                   A       B       C       D       E      F
               +-------+-------+-------+-------+-------+----------------------
         Total | 100.0 | 100.0 | 100.0 |   N/A | 100.0 | 474.8
       Dungeon | 100.0 | 100.0 | 100.0 |   N/A | 100.0 | 474.8
               +-------+-------+-------+-------+-------+----------------------

Table legend: (Time is in decaauts)
 A = Elapsed time spent in this place.
 B = Non-inter-level travel time spent in this place.
 C = Inter-level travel time spent in this place.
 D = Time resting spent in this place.
 E = Time spent auto-exploring this place.
 F = Levels seen in this place.
 G = Mean time per level.
                   A        B        C        D        E       F      G
               +--------+--------+--------+--------+--------+-----+--------+
         Total |   7950 |   7612 |    338 |   2121 |   4374 |   8 |  993.8 |
       Dungeon |   7950 |   7612 |    338 |   2121 |   4374 |   8 |  993.8 |
               +--------+--------+--------+--------+--------+-----+--------+

Top non-repeatable levels by time:
     D:1: 1734 daAuts
     D:4: 1440 daAuts
     D:2: 1440 daAuts
     D:7: 1161 daAuts
     D:6: 811 daAuts
     D:5: 736 daAuts
     D:3: 620 daAuts
     D:8: 4 daAuts
